Cogmind - Beta 13 @@@ ROGUE MODE // 2024.04.08 @ 06:05:26 Player: glitchbuggaming Result: Self-destructed Performance ------------- Evolutions (1) 500 Regions Visited (3) 600 Robots Destroyed (14) 70 Value Destroyed (342) 342 Prototype IDs (0) 0 Alien Tech Used (0) 0 Bonus (0) 0 TOTAL SCORE: 1512 Bonus ------- None Cogmind --------- Core Integrity 332/400 Matter 300/300 Energy 250/250 System Corruption 0% Temperature Cool (0) Movement Core (450) Ox8 Location -9/Materials Parts ------- > --- POWER (1) -------- Ion Engine > --- PROPULSION (3) --- (None) > --- UTILITY (3) ------ Large Storage Unit Backup Plating I > --- WEAPON (2) ------- (None) > --- INVENTORY (15) --- Light Ion Engine Backup Power I Aluminum Leg Aluminum Leg Medium Storage Unit Large Storage Unit Peak State ------------ > --- POWER ------------ Ion Engine > --- PROPULSION ------- Light Treads Light Treads > --- UTILITY ---------- Large Storage Unit Backup Plating I > --- WEAPON ----------- Particle Gun Light Assault Rifle > --- INVENTORY -------- Light Ion Engine Backup Power I Aluminum Leg Aluminum Leg Medium Storage Unit Large Storage Unit EM Pulse Gun [Rating: 8] Favorites ----------- Power Ion Engine Engine Ion Engine Propulsion Light Treads Treads Light Treads Utility Large Storage Unit Storage Large Storage Unit Protection Backup Plating I Weapon Light Assault Rifle Energy Gun EM Pulse Gun Ballistic Gun Light Assault Rifle Build | -11 -10 -10 -9 ------- Run | Yrd Mat Min Mat Slots Evolved 2 | . . . 2 Power . | . . . . Propulsion 1 | . . . 1 Utility 1 | . . . 1 Weapon . | . . . . Parts Attached 11 | 4 5 1 1 Power 2 | 1 1 . . Engine 2 | 1 1 . . Core . | . . . . Reactor . | . . . . Propulsion 2 | 2 . . . Treads 2 | 2 . . . Leg . | . . . . Wheel . | . . . . Hover . | . . . . Flight . | . . . . Utility 2 | 1 1 . . Device . | . . . . Storage 2 | 1 1 . . Processor . | . . . . Hackware . | . . . . Protection . | . . . . Artifact . | . . . . Weapon 5 | . 3 1 1 Energy Gun 3 | . 1 1 1 Energy Cannon . | . . . . Ballistic Gun 2 | . 2 . . Ballistic Cannon . | . . . . Launcher . | . . . . Special Weapon . | . . . . Impact Weapon . | . . . . Slashing Weapon . | . . . . Piercing Weapon . | . . . . Special Melee Weapon . | . . . . Unidentified Prototypes . | . . . . Parts Lost 7 | . 2 . 5 Power 1 | . 1 . . Propulsion 2 | . . . 2 Utility . | . . . . Weapon 4 | . 1 . 3 Highest Loss Streak 5 | . 1 . 5 To Critical Strikes . | . . . . Average Slot Usage (%) 82 | . 70 100 74 Engine 12 | . 11 14 11 Treads 26 | . 28 28 20 Storage 13 | . 14 14 11 Protection 8 | . 1 14 11 Energy Gun 9 | . 5 14 9 Ballistic Gun 11 | . 8 14 11 Naked Turns . | . . . . Heaviest Build 30 | 10 30 29 30 Greatest Support 40 | 40 40 40 40 Greatest Overweight (x) 1 | . . . 1 Average Overweight (x) . | . . . . Largest Inventory Capacity 15 | 8 15 15 15 Average Capacity 13 | 7 13 15 15 Most Carried 9 | 6 9 7 7 Average Carried 6 | 5 6 7 6 Final Capacity 15 | 8 15 15 15 Final Carried 7 | 6 7 7 6 Class Distribution -------------------- 100% | Mutant Dominant Class ---------------- Mutant | -10/Materials Mutant | -10/Mines Mutant | -9/Materials Resources | -11 -10 -10 -9 ----------- Run | Yrd Mat Min Mat Matter Collected 362 | 211 101 33 17 Remotely . | . . . . Salvage Created 440 | . 134 152 154 Parts 27 | . 8 8 11 Haulers Intercepted . | . . . . Recyclers Shooed . | . . . . Parts Field Recycled . | . . . . Retrieved Matter . | . . . . Parts Self-Destructed . | . . . . Prevented . | . . . . Kills | -11 -10 -10 -9 ------- Run | Yrd Mat Min Mat Combat Hostiles Destroyed 13 | . 5 5 3 Guns 13 | . 5 5 3 Classes Destroyed 4 | . 2 . 2 Watcher 1 | . . . 1 Swarmer 6 | . 3 3 . Grunt 6 | . 2 2 2 Brawler 1 | . . . 1 Best Kill Streak 4 | . 3 3 4 Combat Bots Only 3 | . 3 3 3 Max Kills in Single Turn 2 | . 2 1 1 Gunslinging 1 | . 1 . . Exploded . | . . . . Melee . | . . . . Uniques/NPCs Destroyed . | . . . . Combat | -11 -10 -10 -9 -------- Run | Yrd Mat Min Mat Hostile Shots Fired 86 | . 31 25 30 Missed 13 | . 1 4 8 Damage Taken 917 | . 393 237 287 Core 136 | . 14 54 68 Absorbed by Shields . | . . . . Core Remaining (%) 86 | 100 . 72 . Volleys Fired 45 | . 15 13 17 Largest 2 | . 2 2 2 Hottest 85 | . 85 60 85 Shots Fired 77 | . 26 26 25 Gun 77 | . 26 26 25 Cannon . | . . . . Launcher . | . . . . Special . | . . . . Kinetic 54 | . 24 13 17 Thermal 6 | . 2 . 4 Explosive . | . . . . Electromagnetic 17 | . . 13 4 Robot Hit Streak 9 | . 9 6 9 Robot Miss Streak 2 | . 2 1 2 Penetration Max . | . . . . Secondary Targets 6 | . 2 2 2 Max Gunslinging Chain 1 | . 1 1 1 Shots Hit Robots 54 | . 19 19 16 Core Hits 24 | . 8 8 8 Critical Kills . | . . . . Critical Parts Destroyed . | . . . . Critical Strikes 1 | . . . 1 Corrupt 1 | . . . 1 Melee Attacks . | . . . . Impact . | . . . . Slashing . | . . . . Piercing . | . . . . Sneak Attacks . | . . . . Combat Hostiles . | . . . . Follow-up Attacks . | . . . . Damage Inflicted 575 | . 206 212 157 Guns 575 | . 206 212 157 Cannons . | . . . . Explosions . | . . . . Melee . | . . . . Ramming . | . . . . Kinetic 325 | . 174 61 90 Thermal 62 | . 32 . 30 Explosive . | . . . . Electromagnetic 188 | . . 151 37 Impact . | . . . . Slashing . | . . . . Piercing . | . . . . Highest Corruption . | . . . . Average Corruption . | . . . . Corruption Purged . | . . . . Corruption Blocked . | . . . . Overload Shots . | . . . . Overflow Damage . | . . . . Projectiles . | . . . . Explosions . | . . . . Melee . | . . . . Knockbacks . | . . . . Impact . | . . . . Kinetic . | . . . . Secondary . | . . . . Self-Inflicted Damage . | . . . . Shots . | . . . . Rammed . | . . . . Targets Rammed . | . . . . Kicked . | . . . . Crushed . | . . . . Highest Temperature 170 | . 43 170 76 Average Temperature 41 | . 18 69 26 Received Heat Transfer 483 | . 210 108 165 Siege Activations . | . . . . Robots Corrupted . | . . . . Combat Hostiles . | . . . . Parts Fried 1 | . . 1 . Impact Corruptions . | . . . . Robots Melted . | . . . . Combat Hostiles . | . . . . Parts Melted . | . . . . Heat Transferred 148 | . 74 . 74 Parts Sabotaged . | . . . . Parts Stolen . | . . . . Parts Stripped . | . . . . Power Chain Reactions . | . . . . Alert | -11 -10 -10 -9 ------- Run | Yrd Mat Min Mat Peak Influence 174 | . 140 174 75 Initial 67 | . . 54 67 Average 73 | . 43 150 39 Maximum Alert Level . | . . . . Low Security (%) 100 | 100 100 100 100 Level 1 . | . . . . Level 2 . | . . . . Level 3 . | . . . . Level 4 . | . . . . Level 5 . | . . . . High Security . | . . . . Max Security . | . . . . Squads Dispatched 1 | . . 1 . Investigation 1 | . . 1 . Extermination . | . . . . Reinforcement . | . . . . Assault . | . . . . Garrison . | . . . . Intercept . | . . . . Searches Triggered . | . . . . Construction Impeded . | . . . . Haulers Reinforced . | . . . . Active Scanning Responses . | . . . . Cargo Convoy Interrupts . | . . . . Stealth | -11 -10 -10 -9 --------- Run | Yrd Mat Min Mat Distress Signals 1 | . 1 . . Communications Jammed . | . . . . Distress Signals . | . . . . Times Spotted 22 | . 11 5 6 Peak Tracking Total 6 | . 6 3 5 Tactical Retreats . | . . . . Traps | -11 -10 -10 -9 ------- Run | Yrd Mat Min Mat Traps Triggered . | . . . . Indirectly . | . . . . Trap Hack Attempts . | . . . . Triggered . | . . . . Disarmed . | . . . . Reprogrammed . | . . . . Reused . | . . . . Traps Extracted . | . . . . Installed . | . . . . Triggered . | . . . . Machines | -11 -10 -10 -9 ---------- Run | Yrd Mat Min Mat Machines Disabled . | . . . . Max in Single Turn . | . . . . Machines Repaired . | . . . . Machines Dismantled . | . . . . Machines Sabotaged . | . . . . Overloaded Fab Kills . | . . . . Hacking | -11 -10 -10 -9 --------- Run | Yrd Mat Min Mat Machines Accessed 5 | . 2 1 2 Terminals 3 | . 1 1 1 Fabricators . | . . . . Repair Stations 1 | . 1 . . Recycling Units 1 | . . . 1 Scanalyzers . | . . . . Garrison Access . | . . . . Total Hacks 13 | . 4 3 6 Successful 6 | . 2 1 3 Failed 7 | . 2 2 3 Catastrophic . | . . . . Database Lockouts . | . . . . Manual 2 | . . 2 . Terminals 9 | . 3 3 3 Fabricators . | . . . . Repair Stations 1 | . 1 . . Recycling Units 3 | . . . 3 Scanalyzers . | . . . . Garrison Access . | . . . . Terminal Hacks 5 | . 1 1 3 Emergency Access Points 1 | . 1 . . Unreport Threat 1 | . . . 1 Dispatch Records 1 | . . 1 . Recall Investigation 1 | . . . 1 Hauler Manifests 1 | . . . 1 Fabricator Hacks . | . . . . Repair Station Hacks 1 | . 1 . . Refit 1 | . 1 . . Recycling Unit Hacks . | . . . . Scanalyzer . | . . . . Garrison Access Hacks . | . . . . Unauthorized Hacks . | . . . . Terminals . | . . . . Fabricators . | . . . . Repair Stations . | . . . . Recycling Units . | . . . . Scanalyzers . | . . . . Garrison Access . | . . . . Data Cores Recovered . | . . . . Used . | . . . . Hacking Detections 5 | . 2 1 2 Full Trace Events 1 | . . 1 . Feedback Events . | . . . . Feedback Blocked . | . . . . Robot Schematics Acquired . | . . . . Robots Built . | . . . . Authchips . | . . . . Time . | . . . . Total Robot Build Rating . | . . . . Part Schematics Acquired . | . . . . Parts Built . | . . . . Authchips . | . . . . Time . | . . . . Total Part Build Rating . | . . . . Parts Repaired . | . . . . Time . | . . . . Parts Recycled . | . . . . Recycled Matter . | . . . . Retrieved Matter . | . . . . Retrieved Components . | . . . . Parts Scanalyzed . | . . . . Part Schematics Acquired . | . . . . Parts Damaged . | . . . . Bothacking | -11 -10 -10 -9 ------------ Run | Yrd Mat Min Mat Used RIF Installer . | . . . . Robots Hacked . | . . . . Non-combat . | . . . . Combat . | . . . . Robot Hacks Applied . | . . . . Relay Couplers Released . | . . . . Fabnet Peak Effective % . | . . . . Robots Rewired . | . . . . Allies Hacked . | . . . . Hacks Repelled . | . . . . Allies | -11 -10 -10 -9 -------- Run | Yrd Mat Min Mat Total Allies . | . . . . Largest Group . | . . . . Highest-Rated Group . | . . . . Highest-Rated Ally . | . . . . Total Orders . | . . . . Ally Attacks . | . . . . Total Damage . | . . . . Kills . | . . . . Allies Corrupted . | . . . . Allies Melted . | . . . . Intel | -11 -10 -10 -9 ------- Run | Yrd Mat Min Mat Robot Analysis Total . | . . . . Derelict Logs Recovered . | . . . . Drone Launches . | . . . . Drone Recoveries . | . . . . Exploration | -11 -10 -10 -9 ------------- Run | Yrd Mat Min Mat Turns Passed 806 | 72 289 261 184 Spaces Moved 411 | 45 141 140 85 Core 11 | 11 . . . Treads 400 | 34 141 140 85 Legs . | . . . . Wheels . | . . . . Hover . | . . . . Flight . | . . . . Fastest Speed 50 | 50 160 160 160 Average Speed 157 | 133 160 160 161 Slowest Speed 240 | 160 160 160 240 Overloaded Moves . | . . . . Propulsion Burnouts . | . . . . Robots Hopped . | . . . . Cave-ins Triggered . | . . . . Exploration Rate (%) 19 | 3 34 27 13 Regions Visited 3 Branch Regions 1 Pre-discovered Areas . | . . . . Known Exits Taken . | . . . . Unknown Exits Taken 3 | 1 1 1 . Scrap Searched 1 | . . 1 . Spaces Dug . | . . . . Terrain Destroyed . | . . . . Melee . | . . . . Projectile . | . . . . AOE . | . . . . Terrain Rammed . | . . . . Walls Destroyed . | . . . . Machines Disabled . | . . . . Actions | -11 -10 -10 -9 --------- Run | Yrd Mat Min Mat Total 500 | 57 181 153 109 Wait 21 | . 15 . 6 Move 408 | 44 140 139 85 Hop . | . . . . Pick Up 14 | 9 5 . . Fast Attach 1 | 1 . . . Attach 7 | 3 3 . 1 Detach . | . . . . Swap 3 | . 2 1 . Drop 1 | . 1 . . Fire 45 | . 15 13 17 Melee . | . . . . Ram . | . . . . Kick . | . . . . Crush . | . . . . Escape Stasis . | . . . . Rewire . | . . . . Trap . | . . . . Miscellaneous . | . . . . Route ------- -11/Scrapyard -10/Materials -10/Mines -9/Materials History --------- Turn | Location | Event 5 | -11/Scrapyard | Discovered new exit (range 16) 73 | -11/Scrapyard | Entered Materials 259 | -10/Materials | Discovered new exit (range 16) 301 | -10/Materials | Build established: Mutant 362 | -10/Materials | Entered Mines 613 | -10/Mines | Discovered new exit (range 5) 623 | -10/Mines | Entered Materials 623 | -9/Materials | Evolved 2 slots: Propulsion x1, Utility x1 807 | -9/Materials | Self-destructed Last Messages --------------- 00762_ B-36 Bruiser destroyed. 00763_ K-01 Serf collects debris. 00766_ EM Pulse Gun destroyed. 00767_ K-01 Serf collects debris. 00776_ G-34 Mercenary destroyed. 00776_ Switching to secondary target: G-47 Trooper. 00777_ Acquired 15 matter. 00777_ K-01 Serf collects debris. 00782_ Acquired 1 matter. 00784_ G-34 Mercenary destroyed. 00785_ Acquired 1 matter. 00788_ K-01 Serf collects debris. 00789_ Lgt. Treads destroyed. 00790_ W-16 Scout destroyed. 00790_ Switching to secondary target: G-47 Trooper. 00791_ K-01 Serf collects debris. 00791_ Particle Gun destroyed. 00791_ K-01 Serf collects debris. 00804_ Lgt. Treads destroyed. 00806_ Lgt. Assault Rifle destroyed. Map ----- +----------------------------------------------------+ | ??????????????????????????????????????????????? | | ??????????????????????????????????????????????? | | ??????????????????????????????????????????????? | | ??????????????????????????????????????????????? | | ??????????????????????????????????????????????? | | ??????????????????????????????????????????????? | | ??????????????????????????????????????????????? | | ??????????????????????????????????????????????? | | ??????????????????????????????????????????????? | | ??????????????????????????????????????????????? | | ??????????????????????????????????????????????? | | ??????????????????????####????????????????????? | | ?????????????????????? ????????????????????? | | ?????????????????????? ????????????????????? | | ?????????????????????? ?????????????????????? | | ?????????????????????? ?????????????????????? | | ?????????????????????? k ?????????????????????? | | ?????????????????????? a ?????????????????????? | | ??????????????????????#/#?########????????????? | | ???????????????######## #? #????????????? | | ???????????????# ## # #????????????? | | ???????????????# #= # #????????????? | | ???????????????# !%#/[+ ??????????????? | | ???????????????# [%k!!#?????????????????????? | | ???????????????# ==#gg#?????????????????????? | | ???????????????###+###@ #?????????????????????? | | ???????????????## #?????????????????????? | | ?????????????? + #????????????########## | | ?????????? ## #????#+####??# | | ????????? ????# ###### #??#! ! | | ???????????????## k##"""# #??# | | ????????#####+## ##"Y"# #??# | | ????????# #??# """ """ | | ????????# #??# """ """ | | ????????+ T #??# """ """ | | ????????# ########### #??# | | ????????# ???????????# ##########+## | | ?????????????????????# | | ?????????????????????# | | ?????????????????????# """" | | ?????????????????????# """" ###+######### | | ?????????????????????# """" ## ??????? | | ?????????????????????# ## """ #?????? | | ?????????????????????## ## """ #?????? | | ??????????????????????# ## """ #?????? | | ??????????????????????# + #?????? | | ??????????????????????# ## #?????? | | ?????????????????????? ## | !#?????? | | ???????????????????????# ######+#########?????? | | ???????????????????????? ????? ??????????????? | +----------------------------------------------------+ Best States ------------- Heat Dissipation 28 Energy Generation 10 Energy Capacity 250 Matter Stores 300 Matter Capacity 300 Sight Range 16 Terrain Scan Density 10 Armor Coverage 80 Evasion (%) 50 Recoil Reduction 2 Item Schematics ----------------- None Robot Schematics ------------------ None Fabricated ------------ Nothing Alien Tech Used ----------------- None Achievements -------------- Everything Is Under Control Challenges ------------ None Game ------ Seed MultitargetingUtilityWheel Manual? 0 Play Time 00:13:17 Cumulative 3.1 hours Start 2024.04.08 @ 05:54:36 End 2024.04.08 @ 06:05:26 Sessions 1 Manual Loads 0 Difficulty Rogue Special Mode None Game No. 6 Rogue 6 Adventurer 0 Explorer 0 Win Type - Total 0 Types 0/0/0/0/0/0/0/0/0 Lore% 1 Gallery% 5 Achievement% 7 Wizard Run 0 Options --------- Layout 0 ASCII 0 Keyboard 0 Movement Mouse Keybinds 0 Fullscreen 1 Font 24/Smallcaps Map View 76x50 Zoom Use 0% Tactical HUD 1 Map Filters NONE Filters NONE Steam 1 RUN: 2e43493a-8071-4d9b-b9a1-4a7c99023e8d